NCAA
OHIO STATE BUCKEYES @ KANSAS STATE WILDCATS
05/01/2025
 
TOP OF THE 1ST
Ohio State Buckeyes batting - Pitching for Kansas State Wildcats : LHP José Rivera
Pitching: LHP José Rivera
Batting: LHB Joel Nelson 0-0: Ball
1-0: Ball
2-0: Ball
3-0: Called Strike
3-1: Base on Balls
Batting: RHB Dan Rivera 0-0: Ball
1-0: Swinging Strike
1-1: Foul Ball, location: 2F
1-2: Ball
2-2: Ball
3-2: Base on Balls
Joel Nelson to second
Batting: RHB Gabriel Soto 0-0: Ball
1-0: Ball
2-0: Ball
3-0: Called Strike
3-1: Base on Balls
Joel Nelson to third
Dan Rivera to second
Batting: SHB Thomas Simmons 0-0: Ball
1-0: Ball
2-0: Fly out, F8 (Flyball, 8RM)
Runner from 3rd tags up, SCORES, no throw
Batting: RHB Will Anderson 0-0: Ball
1-0: Ball
2-0: Called Strike
2-1: Ball
3-1: Base on Balls
Dan Rivera to third
Gabriel Soto to second
Batting: LHB Milo Glenn 0-0: Called Strike
0-1: Fly out, F7 (Flyball, 7M)
Runner from 3rd tags up, SCORES, no throw
Batting: RHB Javier Álvarez 0-0: Ball
1-0: Called Strike
1-1: Swinging Strike
1-2: Ball
2-2: 3-RUN HOME RUN (Flyball, 7D), Distance : 355 ft
Batting: SHB Bernard Farley 0-0: Ball
1-0: Foul Ball, location: 2F
1-1: Foul Ball, location: 2F
1-2: Strikes out swinging
Top of the 1st over - 5 run(s), 1 hit(s), 0 error(s), 0 left on base; Ohio State 5 - Kansas State 0
BOTTOM OF THE 1ST
Kansas State Wildcats batting - Pitching for Ohio State Buckeyes : RHP Bartolo Villarreal
Pitching: RHP Bartolo Villarreal
Batting: SHB Gus Rainbolt 0-0: Foul Ball, location: 2F
0-1: Fly out, F6 (Popup, 4MD)
Batting: RHB Steve Ashe 0-0: Foul Ball, location: 2F
0-1: Fly out, F9 (Flyball, 9S)
Batting: LHB Juan Cuervo 0-0: Swinging Strike
0-1: Foul Ball, location: 2F
0-2: Strikes out swinging
Bottom of the 1st over - 0 run(s), 0 hit(s), 0 error(s), 0 left on base; Ohio State 5 - Kansas State 0
TOP OF THE 2ND
Ohio State Buckeyes batting - Pitching for Kansas State Wildcats : LHP José Rivera
Batting: RHB John Robertson 0-0: Called Strike
0-1: Ball
1-1: Ball
2-1: Ball
3-1: Foul Ball, location: 2F
3-2: Base on Balls
Batting: LHB Joel Nelson 0-0: Ball
1-0: Ball
2-0: Ball
3-0: Called Strike
3-1: Foul Ball, location: 2F
3-2: Base on Balls
John Robertson to second
Batting: RHB Dan Rivera 0-0: Ball
1-0: 3-RUN HOME RUN (Flyball, 89XD), Distance : 373 ft
Batting: RHB Gabriel Soto 0-0: Ball
1-0: Ball
2-0: SINGLE (Line Drive, 4D)
Batting: SHB Thomas Simmons 0-0: Ball
1-0: Ball
2-0: Ball
3-0: Called Strike
3-1: Base on Balls
Gabriel Soto to second
Pitching: RHP Jonathan Oglethorpe
Batting: RHB Will Anderson 0-0: Called Strike
0-1: Ball
1-1: Ball
2-1: SINGLE (Line Drive, 7LS)
Gabriel Soto to third
Thomas Simmons to second
Batting: LHB Milo Glenn 0-0: Ball
1-0: Swinging Strike
1-1: Swinging Strike
1-2: Strikes out swinging
Batting: RHB Javier Álvarez 0-0: Called Strike
0-1: SINGLE (Groundball, 34D)
Gabriel Soto scores
Thomas Simmons to third
Will Anderson to second
Runner from 3rd tries for Home, SAFE, no throw or cutoff
Batting: SHB Bernard Farley 0-0: Ball
1-0: Swinging Strike
1-1: Ball
2-1: Foul Ball, location: 2F
2-2: Foul Ball, location: 2F
2-2: Strikes out swinging
Batting: RHB John Robertson 0-0: Swinging Strike
0-1: Ball
1-1: Fly out, F7 (Flyball, 78M)
Top of the 2nd over - 5 run(s), 4 hit(s), 0 error(s), 2 left on base; Ohio State 10 - Kansas State 0
BOTTOM OF THE 2ND
Kansas State Wildcats batting - Pitching for Ohio State Buckeyes : RHP Bartolo Villarreal
Batting: LHB José Rodríguez 0-0: Foul Ball, location: 2F
0-1: Foul Ball, location: 2F
0-2: Ball
1-2: Ball
2-2: Fly out, F7 (Flyball, 7S)
Batting: RHB Bobby Hinkle 0-0: Ball
1-0: Called Strike
1-1: Called Strike
1-2: SOLO HOME RUN (Flyball, 78XD), Distance : 377 ft
Batting: RHB Salvador Castro 0-0: Called Strike
0-1: Called Strike
0-2: Ball
1-2: Ball
2-2: Fly out, F8 (Flyball, 8RS)
Batting: LHB Jim Knight 0-0: Foul Ball, location: 2F
0-1: Ball
1-1: Ball
2-1: Called Strike
2-2: Ball
3-2: Foul Ball, location: 2F
3-2: Base on Balls
Batting: RHB David MacKinney 0-0: Called Strike
0-1: Hit by Pitch
Jim Knight to second
Batting: RHB Leslie Kennedy 0-0: SINGLE (Line Drive, 4D)
Jim Knight to third
David MacKinney to second
Runner from 3rd tries for Home, SAFE, no throw or cutoff
Batting: SHB Gus Rainbolt 0-0: Foul Ball, location: 2F
0-1: Called Strike
0-2: Ground out 3-1 (Groundball, 3)
Bottom of the 2nd over - 2 run(s), 2 hit(s), 0 error(s), 2 left on base; Ohio State 10 - Kansas State 2
TOP OF THE 3RD
Ohio State Buckeyes batting - Pitching for Kansas State Wildcats : RHP Jonathan Oglethorpe
Batting: LHB Joel Nelson 0-0: Foul Ball, location: 2F
0-1: Ball
1-1: Ball
2-1: Foul Ball, location: 2F
2-2: Foul Ball, location: 2F
2-2: Foul Ball, location: 2F
2-2: Ball
3-2: Foul Ball, location: 2F
3-2: Fly out, F9 (Popup, 4D)
Batting: RHB Dan Rivera 0-0: Called Strike
0-1: Ball
1-1: Ball
2-1: Ball
3-1: Called Strike
3-2: Foul Ball, location: 2F
3-2: Base on Balls
Batting: RHB Gabriel Soto 0-0: Ball
1-0: Foul Ball, location: 2F
1-1: Called Strike
1-2: Ball
2-2: Foul Ball, location: 2F
2-2: DOUBLE (Line Drive, 7LS)
Dan Rivera to third
Runner from 3rd tries for Home, SAFE, no throw or cutoff
Batting: SHB Thomas Simmons 0-0: Called Strike
0-1: Ball
1-1: Ball
2-1: Foul Ball, location: 2F
2-2: Strikes out looking
Batting: RHB Will Anderson 0-0: Swinging Strike
0-1: Ground out 5-3 (Groundball, 56)
Top of the 3rd over - 1 run(s), 1 hit(s), 0 error(s), 1 left on base; Ohio State 11 - Kansas State 2
BOTTOM OF THE 3RD
Kansas State Wildcats batting - Pitching for Ohio State Buckeyes : RHP Bartolo Villarreal
Batting: RHB Steve Ashe 0-0: Fly out, F7 (Flyball, 78M)
Batting: LHB Juan Cuervo 0-0: Called Strike
0-1: Called Strike
0-2: Ball
1-2: Ground out 6-3 (Groundball, 6M)
Batting: LHB José Rodríguez 0-0: Called Strike
0-1: Foul Ball, location: 2F
0-2: Foul Ball, location: 2F
0-2: Ball
1-2: Foul Ball, location: 2F
1-2: Foul Ball, location: 2F
1-2: Foul Ball, location: 2F
1-2: Ground out 3-1 (Groundball, 34)
Bottom of the 3rd over - 0 run(s), 0 hit(s), 0 error(s), 0 left on base; Ohio State 11 - Kansas State 2
TOP OF THE 4TH
Ohio State Buckeyes batting - Pitching for Kansas State Wildcats : RHP Jonathan Oglethorpe
Batting: LHB Milo Glenn 0-0: Foul Ball, location: 2F
0-1: Foul Ball, location: 2F
0-2: Ball
1-2: Ball
2-2: Strikes out swinging
Pitching: LHP Dewitt Blackburn
Batting: RHB Javier Álvarez 0-0: Ball
1-0: SINGLE (Line Drive, 4MD)
Batting: SHB Bernard Farley 0-0: Swinging Strike
0-1: Ball
1-1: Foul Ball, location: 2F
1-2: Fly out, F7 (Flyball, 7LD)
Batting: RHB John Robertson 0-0: Hit by Pitch
Javier Álvarez to second
Batting: LHB Joel Nelson 0-0: Ball
1-0: Called Strike
1-1: 3-RUN HOME RUN (Line Drive, 7D), Distance : 363 ft
Batting: RHB Dan Rivera 0-0: Ball
1-0: Ball
2-0: Ball
3-0: Called Strike
3-1: Foul Ball, location: 2F
3-2: Base on Balls
Batting: RHB Gabriel Soto 0-0: Called Strike
0-1: Fly out, F8 (Flyball, 8LS)
Top of the 4th over - 3 run(s), 2 hit(s), 0 error(s), 1 left on base; Ohio State 14 - Kansas State 2
BOTTOM OF THE 4TH
Kansas State Wildcats batting - Pitching for Ohio State Buckeyes : RHP Bartolo Villarreal
Batting: RHB Bobby Hinkle 0-0: Ground out 5-3 (Groundball, 56)
Batting: RHB Salvador Castro 0-0: Ball
1-0: Ground out 5-3 (Groundball, 5)
Batting: LHB Jim Knight 0-0: Ball
1-0: Swinging Strike
1-1: Foul Ball, location: 2F
1-2: Strikes out swinging
Bottom of the 4th over - 0 run(s), 0 hit(s), 0 error(s), 0 left on base; Ohio State 14 - Kansas State 2
TOP OF THE 5TH
Ohio State Buckeyes batting - Pitching for Kansas State Wildcats : LHP Dewitt Blackburn
Batting: SHB Thomas Simmons 0-0: Ball
1-0: Called Strike
1-1: Swinging Strike
1-2: Strikes out swinging
Batting: RHB Will Anderson 0-0: Ball
1-0: Foul Ball, location: 2F
1-1: Swinging Strike
1-2: Ball
2-2: Strikes out looking
Batting: LHB Milo Glenn 0-0: Ball
1-0: Foul Ball, location: 2F
1-1: Called Strike
1-2: Ball
2-2: Strikes out swinging
Top of the 5th over - 0 run(s), 0 hit(s), 0 error(s), 0 left on base; Ohio State 14 - Kansas State 2
BOTTOM OF THE 5TH
Kansas State Wildcats batting - Pitching for Ohio State Buckeyes : RHP Bartolo Villarreal
Batting: RHB David MacKinney 0-0: Swinging Strike
0-1: Called Strike
0-2: Strikes out looking
Batting: RHB Leslie Kennedy 0-0: SINGLE (Line Drive, 3D)
Batting: SHB Gus Rainbolt 0-0: Ball
1-0: Ball
2-0: Called Strike
2-1: Foul Ball, location: 2F
2-2: Ball
3-2: Strikes out swinging
Batting: RHB Steve Ashe 0-0: Ball
1-0: Ball
2-0: Foul Ball, location: 2F
2-1: Ball
3-1: Base on Balls
Leslie Kennedy to second
Batting: LHB Juan Cuervo 0-0: Called Strike
0-1: Foul Ball, location: 2F
0-2: Ball
1-2: Ball
2-2: Ball
3-2: Strikes out swinging
Bottom of the 5th over - 0 run(s), 1 hit(s), 0 error(s), 2 left on base; Ohio State 14 - Kansas State 2
TOP OF THE 6TH
Ohio State Buckeyes batting - Pitching for Kansas State Wildcats : LHP Dewitt Blackburn
Pitching: RHP Micah Manning
Batting: RHB Javier Álvarez 0-0: Foul Ball, location: 2F
0-1: Fly out, F9 (Line Drive, 9LM)
Batting: SHB Bernard Farley 0-0: Called Strike
0-1: Swinging Strike
0-2: Ball
1-2: Fly out, F2 (Popup, 25F)
Batting: RHB John Robertson 0-0: Ball
1-0: SINGLE (Line Drive, 89S)
Batting: LHB Joel Nelson 0-0: Called Strike
0-1: Ground out 3-1 (Groundball, 3D)
Top of the 6th over - 0 run(s), 1 hit(s), 0 error(s), 1 left on base; Ohio State 14 - Kansas State 2
BOTTOM OF THE 6TH
Kansas State Wildcats batting - Pitching for Ohio State Buckeyes : RHP Bartolo Villarreal
Batting: LHB José Rodríguez 0-0: Fly out, F2 (Popup, 2LF)
Batting: RHB Bobby Hinkle 0-0: Called Strike
0-1: Ball
1-1: Reached on Error, E9 (Flyball, 89M)
Batting: RHB Salvador Castro 0-0: Ball
Bobby Hinkle steals 2nd base
1-0: Ball
2-0: Foul Ball, location: 2F
2-1: Ball
3-1: Swinging Strike
3-2: Base on Balls
Pitching: RHP Desi Smith
Batting: LHB Jim Knight 0-0: Ball
1-0: Ball
2-0: Foul Ball, location: 2F
2-1: SINGLE (Flyball, 8LS)
Bobby Hinkle to third
Salvador Castro to second
Runner from 3rd tries for Home, SAFE, throw made home
Batting: RHB David MacKinney 0-0: Called Strike
0-1: Swinging Strike
0-2: Ball
1-2: Strikes out looking
Batting: RHB Leslie Kennedy 0-0: 3-RUN HOME RUN (Flyball, 78XD), Distance : 391 ft
Batting: SHB Gus Rainbolt 0-0: Fly out, F9 (Flyball, 89M)
Bottom of the 6th over - 4 run(s), 2 hit(s), 1 error(s), 0 left on base; Ohio State 14 - Kansas State 6
TOP OF THE 7TH
Ohio State Buckeyes batting - Pitching for Kansas State Wildcats : RHP Micah Manning
Batting: RHB Dan Rivera 0-0: Ground out 1-3 (Groundball, 13S)
Batting: RHB Gabriel Soto 0-0: Ball
1-0: Foul Ball, location: 2F
1-1: Ball
2-1: Swinging Strike
2-2: Strikes out swinging
Batting: SHB Thomas Simmons 0-0: Called Strike
0-1: Ball
1-1: Ball
2-1: Foul Ball, location: 2F
2-2: SOLO HOME RUN (Flyball, 7D), Distance : 344 ft
Batting: RHB Will Anderson 0-0: Ball
1-0: Ball
2-0: Ball
3-0: Base on Balls
Batting: LHB Milo Glenn 0-0: Called Strike
0-1: Swinging Strike
0-2: Ball
1-2: Ball
2-2: Strikes out swinging
Top of the 7th over - 1 run(s), 1 hit(s), 0 error(s), 1 left on base; Ohio State 15 - Kansas State 6
BOTTOM OF THE 7TH
Kansas State Wildcats batting - Pitching for Ohio State Buckeyes : RHP Desi Smith
Batting: RHB Steve Ashe 0-0: Fly out, F9 (Flyball, 89S)
Batting: LHB Juan Cuervo 0-0: Foul Ball, location: 2F
0-1: Ball
1-1: Ball
2-1: Ground out 6-3 (Groundball, 6)
Batting: LHB José Rodríguez 0-0: Foul Ball, location: 2F
0-1: Ball
1-1: Swinging Strike
1-2: Ground out 4-3 (Groundball, 34)
Bottom of the 7th over - 0 run(s), 0 hit(s), 0 error(s), 0 left on base; Ohio State 15 - Kansas State 6
TOP OF THE 8TH
Ohio State Buckeyes batting - Pitching for Kansas State Wildcats : RHP Micah Manning
Pitching: RHP Miguel López
Batting: RHB Javier Álvarez 0-0: Called Strike
0-1: Ball
1-1: Ball
2-1: Ball
3-1: Foul Ball, location: 2F
3-2: Fly out, F4 (Line Drive, 4D)
Batting: SHB Bernard Farley 0-0: Called Strike
0-1: Called Strike
0-2: Strikes out swinging
Batting: RHB John Robertson 0-0: Ball
1-0: Ball
2-0: Ball
3-0: Called Strike
3-1: Called Strike
3-2: Strikes out swinging
Top of the 8th over - 0 run(s), 0 hit(s), 0 error(s), 0 left on base; Ohio State 15 - Kansas State 6
BOTTOM OF THE 8TH
Kansas State Wildcats batting - Pitching for Ohio State Buckeyes : RHP Desi Smith
Batting: RHB Bobby Hinkle 0-0: Ground out 5-3 (Groundball, 5L)
Pitching: LHP Gonzalo Tobías
Batting: RHB Salvador Castro 0-0: Ball
1-0: Ball
2-0: Ball
3-0: Called Strike
3-1: Fly out, F7 (Flyball, 78S)
Batting: LHB Jim Knight 0-0: Fly out, F9 (Flyball, 9D)
Bottom of the 8th over - 0 run(s), 0 hit(s), 0 error(s), 0 left on base; Ohio State 15 - Kansas State 6
TOP OF THE 9TH
Ohio State Buckeyes batting - Pitching for Kansas State Wildcats : RHP Miguel López
Batting: LHB Joel Nelson 0-0: Fly out, F8 (Flyball, 8LM)
Batting: RHB Dan Rivera 0-0: SINGLE (Flyball, 89M)
Batting: RHB Gabriel Soto 0-0: Ball
1-0: Swinging Strike
1-1: Foul Ball, location: 2F
1-2: Strikes out swinging
Batting: SHB Thomas Simmons 0-0: SINGLE (Groundball, 5D)
Dan Rivera to second
Batting: RHB Will Anderson 0-0: Foul Ball, location: 2F
0-1: Ball
1-1: Ball
2-1: Foul Ball, location: 2F
2-2: Foul Ball, location: 2F
2-2: Foul Ball, location: 2F
2-2: SINGLE (Flyball, 78M)
Dan Rivera to third
Thomas Simmons to second
Runner from 3rd tries for Home, SAFE, no throw or cutoff
Batting: LHB Milo Glenn 0-0: Ball
1-0: SINGLE (Line Drive, 4MD)
Thomas Simmons to third
Will Anderson to second
Runner from 3rd tries for Home, SAFE, no throw or cutoff
Batting: RHB Javier Álvarez 0-0: Ball
1-0: SINGLE (Groundball, 56)
Will Anderson to third
Milo Glenn to second
Runner from 3rd tries for Home, SAFE, no throw or cutoff
Batting: SHB Bernard Farley 0-0: Fly out, F4 (Line Drive, 4MD)
Top of the 9th over - 3 run(s), 5 hit(s), 0 error(s), 2 left on base; Ohio State 18 - Kansas State 6
BOTTOM OF THE 9TH
Kansas State Wildcats batting - Pitching for Ohio State Buckeyes : LHP Gonzalo Tobías
Batting: RHB David MacKinney 0-0: Called Strike
0-1: Fly out, F4 (Popup, 3D)
Batting: RHB Leslie Kennedy 0-0: Foul Ball, location: 2F
0-1: Ball
1-1: Called Strike
1-2: Strikes out swinging
Batting: SHB Gus Rainbolt 0-0: SINGLE (Groundball, 56D)
Batting: RHB Steve Ashe 0-0: Called Strike
0-1: DOUBLE (Line Drive, 78M)
Gus Rainbolt to third
Runner from 3rd tries for Home, SAFE, no throw or cutoff
Batting: LHB Juan Cuervo 0-0: Called Strike
0-1: Ground out 3-1 (Groundball, 34S)
Bottom of the 9th over - 1 run(s), 2 hit(s), 0 error(s), 1 left on base; Ohio State 18 - Kansas State 7
This league is powered by Out of the Park Baseball, the baseball management simulation game for PC, Mac and Linux
Tuesday, August 2nd, 2016 - OOTP Baseball 16.8 Build 38